Map: Hard Lead LE

Players

ONSYDESolar (Solar)

  • Race: Zerg Zerg
  • Spawn Location: 11:00

MaxPax - Winner!

  • Race: Protoss Protoss
  • League: Master
  • Spawn Location: 5:00

VOD

Have the link to the VOD?

Description

Time

  • Played on: Nov. 28, 2023, 6:09 a.m.
  • Length: 13:50
Show
View Real Time Build Order
Export as new Build Order

ONSYDESolar Zerg 

Build Orders: Hatch First 

Get SALT Encoding   

  12  0:00  Drone  
  13  0:12  Overlord  
  13  0:17  Drone  
  14  0:45  Drone x2  
  14  0:46  Drone  
  17  0:54  Hatchery  
  17  0:56  Drone  
  17  1:06  Drone  
  17  1:11  Extractor  
  17  1:17  Spawning Pool  
  16  1:19  Drone  
  17  1:28  Drone  
  18  1:39  Drone  
  19  1:50  Drone  
  20  2:02  Overlord  
  20  2:04  Queen  
  20  2:06  Queen  
  20  2:07  Zergling x2  
  25  2:11  Zergling x2  
  26  2:16  Metabolic Boost  
  26  2:17  Drone  
  26  2:22  Drone  
  28  2:28  Drone  
  29  2:33  Drone  
  30  2:42  Hatchery  
  29  2:45  Zergling x2  
  29  2:50  Queen  
  32  2:55  Overlord  
  32  2:58  Drone  
  32  3:00  Spore Crawler  
  32  3:02  Drone  
  32  3:05  Zergling x4  
  36  3:12  Queen  
  36  3:14  Drone  
  38  3:23  Drone x4  
  40  3:29  Queen  
  40  3:33  Drone  
  43  3:36  Overlord  
  43  3:43  Drone  
  43  3:45  Spore Crawler  
  43  3:48  Overlord  
  43  3:54  Queen  
  45  3:56  Drone  
  45  3:57  Zergling x6  
  45  4:00  Drone  
  45  4:02  Drone  
  50  4:03  Drone  
  50  4:07  Drone  
  51  4:12  Queen  
  51  4:14  Drone x2  
  51  4:16  Drone  
  51  4:17  Drone  
  57  4:19  Drone  
  57  4:22  Overlord  
  58  4:28  Drone x2  
  58  4:29  Drone  
  59  4:32  Drone  
  59  4:35  Drone x2  
  59  4:38  Drone  
  61  4:44  Drone x2  
  61  4:45  Drone  
  63  4:46  Drone x2  
  63  4:47  Spore Crawler  
  63  4:48  Drone  
  65  4:54  Evolution Chamber  
  65  4:55  Zergling x6  
  65  4:56  Zergling x2  
  69  5:00  Drone x3  
  69  5:02  Drone  
  69  5:04  Drone  
  69  5:05  Drone  
  74  5:10  Drone  
  74  5:14  Overlord  
  74  5:17  Extractor  
  74  5:20  Drone  
  74  5:29  Hatchery, Zergling x2  
  74  5:30  Overlord  
  74  5:32  Lair  
  74  5:33  Zergling x2  
  74  5:34  Zergling x14  
  82  5:45  Extractor  
  82  5:47  Roach Warren, Extractor  
  82  5:48  Drone x4, Extractor  
  82  5:51  Drone x7  
  85  6:07  Overlord x3  
  84  6:14  Zerg Melee Weapons Level 1  
  84  6:15  Overlord  
  83  6:21  Overlord  
  83  6:23  Overlord  
  83  6:24  Overlord  
  83  6:26  Drone x3  
  83  6:27  Zergling x10  
  83  6:30  Roach  
  83  6:31  Drone, Glial Reconstitution  
  93  6:36  Drone  
  94  6:40  Drone x2  
  94  6:44  Roach x7  
  110  6:51  Roach x2  
  110  6:52  Drone  
  110  6:54  Zergling x6  
  117  6:57  Drone, Infestation Pit  
  117  7:00  Zergling x2  
  119  7:01  Overlord  
  119  7:04  Drone  
  119  7:08  Zergling x2  
  121  7:09  Queen  
  121  7:11  Zergling x8  
  121  7:14  Drone x4  
  121  7:15  Zergling x8  
  130  7:20  Overlord  
  128  7:24  Zergling x2  
  128  7:25  Zergling x2  
  128  7:32  Zergling x4  
  128  7:35  Infestor x2  
  129  7:38  Roach x4  
  129  7:39  Hatchery  
  129  7:41  Overlord  
  135  7:44  Zergling x6  
  135  7:47  Queen  
  135  7:48  Roach x2  
  135  7:49  Roach  
  144  7:52  Zergling x4  
  144  7:55  Drone  
  144  7:58  Baneling Nest, Roach  
  147  8:01  Zergling x8  
  147  8:02  Zergling x2  
  143  8:06  Roach  
  143  8:07  Roach x3  
  143  8:08  Zerg Missile Weapons Level 1  
  143  8:10  Zergling x6  
  151  8:13  Zergling x2  
  151  8:14  Zergling x4  
  151  8:18  Roach x3  
  151  8:19  Zergling x2  
  152  8:27  Zergling x6  
  152  8:28  Drone  
  152  8:30  Drone  
  150  8:35  Roach x4  
  150  8:36  Ravager  
  150  8:39  Ravager  
  150  8:41  Drone x3  
  162  8:42  Centrifugal Hooks  
  162  8:43  Baneling x6  
  162  8:44  Baneling x3  
  162  8:45  Overlord  
  163  8:50  Zergling x2  
  163  8:51  Zergling x4  
  165  8:55  Zergling x4  
  165  9:00  Zergling x2  
  165  9:02  Zergling x6  
  165  9:09  Drone x2  
  170  9:10  Zergling x4, Roach x2  
  170  9:11  Zergling x14  
  170  9:15  Drone  
  170  9:16  Spore Crawler  
  179  9:20  Zergling x2  
  179  9:21  Zergling x2  
  179  9:23  Overlord  
  181  9:26  Overlord  
  181  9:27  Zergling x6  
  178  9:31  Hive  
  178  9:32  Drone x2  
  178  9:33  Drone  
  178  9:34  Evolution Chamber  
  178  9:36  Drone x2  
  181  9:40  Overlord  
  181  9:43  Zergling x12  
  178  9:46  Zergling x10  
  178  9:49  Zergling x6  
  178  9:52  Drone x2  
  184  9:55  Overseer  
  182  10:02  Zergling x14, Zerg Melee Weapons Level 2  
  182  10:06  Zergling x8  
  189  10:08  Zerg Missile Weapons Level 2  
  189  10:12  Hydralisk Den, Zergling x6  
  189  10:16  Roach  
  189  10:20  Roach x3  
  192  10:25  Zergling x4  
  191  10:30  Roach x3  
  191  10:35  Zergling x10  
  192  10:42  Zergling x12  
  187  10:48  Zergling x6, Adrenal Glands  
  174  10:51  Zergling x6  
  174  10:52  Grooved Spines  
  174  10:54  Zergling x6  
  178  10:58  Drone  
  178  11:01  Viper  
  178  11:02  Lurker Den  
  178  11:03  Viper, Extractor  
  181  11:05  Zergling x8  
  181  11:06  Spine Crawler  
  181  11:11  Baneling x6  
  184  11:12  Zergling x12  
  184  11:16  Drone  
  184  11:17  Drone x2  
  184  11:18  Drone x2  
  195  11:19  Extractor  
  195  11:20  Spore Crawler  
  195  11:23  Drone  
  195  11:24  Spine Crawler  
  193  11:26  Drone x3  
  193  11:27  Extractor  
  193  11:29  Zergling x2  
  193  11:30  Zergling x4  
  198  11:37  Zergling x18  
  198  11:39  Queen  
  190  11:46  Zergling x16  
  190  11:52  Muscular Augments  
  181  11:56  Hydralisk x7  
  181  12:01  Zergling x8  
  196  12:05  Queen x2  
  196  12:08  Zergling x12  
  188  12:15  Zergling x12  
  184  12:21  Hydralisk x3  
  184  12:25  Seismic Spines  
  184  12:26  Drone  
  184  12:27  Drone  
  178  12:33  Zergling x10  
  160  12:38  Hydralisk x3  
  160  12:42  Zergling x4  
  163  12:53  Zergling x8  
  163  12:55  Spine Crawler, Lurker  
  163  12:56  Lurker x2  
  168  13:02  Zergling x12  
  158  13:05  Hydralisk  
  158  13:10  Hydralisk x2  
  157  13:18  Zergling x4  
  130  13:21  Hydralisk x4  
  130  13:26  Zergling x14  
Show
View Real Time Build Order
Export as new Build Order

MaxPax Protoss - Winner!

Build Orders: 1 Gate Expand, Oracle Opening 

Get SALT Encoding   

  12  0:00  Probe  
  13  0:12  Probe  
  14  0:20  Pylon  
  14  0:24  Probe  
  15  0:38  Probe (Chrono Boost)  
  15  0:41  Gateway  
  16  0:48  Probe (Chrono Boost)  
  16  0:49  Assimilator  
  17  0:53  Probe (Chrono Boost)  
  18  1:04  Probe  
  19  1:16  Probe  
  20  1:26  Nexus  
  20  1:37  Cybernetics Core  
  20  1:40  Probe  
  20  1:46  Assimilator  
  21  1:52  Probe  
  22  1:55  Pylon  
  22  2:05  Probe  
  23  2:11  Adept (Chrono Boost)  
  25  2:17  Probe  
  25  2:19  Stargate  
  26  2:29  Warp Gate  
  27  2:30  Probe (Chrono Boost)  
  27  2:31  Adept (Chrono Boost)  
  29  2:38  Probe (Chrono Boost)  
  31  2:47  Probe (Chrono Boost)  
  31  2:48  Probe (Chrono Boost)  
  32  2:53  Adept, Probe (Chrono Boost)  
  32  2:54  Probe (Chrono Boost)  
  36  3:03  Oracle (Chrono Boost)  
  36  3:04  Probe  
  37  3:08  Pylon  
  37  3:09  Probe  
  41  3:16  Probe  
  42  3:21  Probe  
  43  3:28  Probe  
  43  3:33  Probe  
  45  3:35  Oracle (Chrono Boost)  
  45  3:36  Gateway  
  45  3:40  Probe  
  49  3:45  Probe  
  50  3:52  Probe  
  51  3:56  Nexus  
  51  3:58  Pylon  
  51  4:00  Probe  
  52  4:04  Probe  
  54  4:10  Oracle  
  54  4:16  Assimilator, Probe  
  54  4:17  Probe  
  56  4:20  Assimilator  
  56  4:28  Probe  
  56  4:29  Probe  
  58  4:38  Adept x2  
  58  4:43  Probe x2  
  58  4:45  Pylon  
  62  4:47  Twilight Council  
  62  4:49  Forge  
  62  4:56  Gateway x2  
  62  5:03  Probe x2 (Chrono Boost)  
  64  5:13  Probe x2 (Chrono Boost)  
  64  5:14  Probe (Chrono Boost)  
  67  5:18  Stalker  
  67  5:19  Stalker  
  74  5:21  Probe (Chrono Boost)  
  74  5:22  Probe x2 (Chrono Boost)  
  74  5:23  Shield Battery  
  74  5:26  Probe (Chrono Boost)  
  75  5:29  Blink (Chrono Boost), Probe x2  
  75  5:33  Gateway, Protoss Ground Weapons Level 1  
  75  5:34  Gateway  
  77  5:36  Probe  
  77  5:41  Probe x2  
  80  5:48  Probe  
  81  5:52  Stalker x2  
  85  5:58  Pylon  
  85  6:02  Forge  
  85  6:05  Probe  
  82  6:12  Stalker  
  82  6:13  Pylon  
  82  6:15  Robotics Facility  
  84  6:21  Stalker x3  
  84  6:23  Shield Battery  
  90  6:30  Stalker  
  90  6:32  Pylon  
  92  6:33  Nexus  
  92  6:38  Protoss Ground Armor Level 1  
  92  6:44  Stalker x2  
  96  6:47  Pylon  
  96  6:48  Pylon  
  96  6:50  Stalker x2  
  96  6:51  Stalker  
  96  6:53  Probe x2, Photon Cannon  
  104  6:54  Probe  
  104  6:59  Stalker  
  107  7:02  Pylon  
  107  7:10  Stalker x2  
  111  7:16  Nexus  
  111  7:17  Stalker x3  
  111  7:20  Probe  
  111  7:21  Probe  
  119  7:25  Stalker  
  119  7:27  Probe  
  120  7:31  Shield Battery  
  120  7:38  Probe, Protoss Ground Weapons Level 2 (Chrono Boost)  
  120  7:40  Charge  
  120  7:41  Pylon  
  120  7:42  Stalker x2, Observer (Chrono Boost)  
  126  7:54  Stalker x3  
  126  7:57  Probe, Pylon  
  126  7:58  Pylon  
  133  8:02  Stalker  
  134  8:05  Probe  
  134  8:06  Zealot x2  
  134  8:08  Pylon, Probe  
  134  8:09  Probe  
  140  8:17  Stalker x3, Probe  
  145  8:20  Probe  
  145  8:22  Probe  
  145  8:23  Gateway  
  145  8:25  Gateway  
  132  8:27  Gateway  
  132  8:29  Gateway, Probe  
  132  8:31  Probe  
  132  8:32  Warp Prism (Chrono Boost)  
  132  8:33  Stalker x3  
  134  8:36  Probe  
  134  8:41  Probe  
  138  8:44  Probe  
  139  8:52  Zealot x3  
  139  8:55  Nexus, Pylon  
  139  9:06  Immortal (Chrono Boost)  
  139  9:09  Protoss Ground Armor Level 2 (Chrono Boost)  
  143  9:10  Robotics Bay  
  143  9:15  Photon Cannon  
  141  9:17  Shield Battery, Zealot  
  141  9:18  Zealot x6  
  155  9:32  Probe  
  155  9:34  Pylon  
  150  9:47  Stalker x7  
  150  9:48  Stalker x2  
  160  9:54  Probe  
  157  10:06  Probe  
  156  10:16  Zealot x10  
  164  10:31  Colossus (Chrono Boost)  
  152  10:36  Zealot x7  
  152  10:37  Zealot x3  
  152  10:40  Protoss Ground Weapons Level 3 (Chrono Boost)  
  146  10:50  Probe x2  
  140  10:57  Stalker x6  
  140  10:59  Zealot x3  
  140  11:03  Probe x3  
  161  11:10  Probe  
  161  11:11  Gateway, Nexus  
  162  11:12  Photon Cannon  
  162  11:14  Pylon, Colossus (Chrono Boost)  
  162  11:16  Pylon  
  162  11:18  Gateway  
  168  11:23  Zealot x5  
  178  11:35  Zealot x5  
  180  11:51  Stalker x4  
  176  11:54  Zealot  
  176  11:55  Zealot x5  
  176  11:57  Probe x2, Colossus (Chrono Boost)  
  176  11:58  Assimilator  
  176  11:59  Assimilator  
  188  12:12  Probe  
  188  12:14  Probe x2  
  175  12:16  Zealot x6, Photon Cannon  
  175  12:17  Zealot x6, Photon Cannon  
  175  12:19  Photon Cannon  
  175  12:21  Shield Battery  
  171  12:40  Zealot x5, Colossus (Chrono Boost)  
  169  12:44  Stalker x4  
  169  12:46  Probe x2  
  169  12:48  Probe  
  169  12:49  Pylon  
  168  13:08  Zealot x8  
  168  13:09  Zealot x4  
  176  13:26  Pylon  
  162  13:27  Robotics Facility  
  162  13:28  Robotics Facility  
Tags
 
Add a new tag
Caveats
  • Supply blocks, unpowered buildings, or Contaminate may cause inaccurate times.
  • Supply counts are checked every 10 seconds.